 Dungeon Crawl Stone Soup version 0.13-a0-2606-g170388b (webtiles) character file.

11271 Kae the Conjurer (level 11, -2/50 (54) HPs)
             Began as a Tengu Fire Elementalist on Aug 4, 2013.
             Was an Elder of Vehumet.
             Slain by a troll skeleton (10 damage)
             ... on Level 11 of the Dungeon.
             The game lasted 00:29:04 (13825 turns).

Kae the Conjurer (Tengu Fire Elementalist)         Turns: 13825, Time: 00:29:05

HP  -2/50 (54)   AC  6     Str  8      XL: 11   Next: 66%
MP  42/44        EV 12     Int 24      God: Vehumet [****..]
Gold 583         SH 13     Dex 13      Spells:  5 memorised, 11 levels left

Res.Fire  : . . .   See Invis. : .   k - staff of power
Res.Cold  : . . .   Warding    : .   O - +2 robe {MR+}
Life Prot.: . . .   Conserve   : .   A - +1 dwarf buckler
Res.Poison: .       Res.Corr.  : .   (helmet restricted)
Res.Elec. : .       Clarity    : .   S - +0 elf cloak
Sust.Abil.: . .     Spirit.Shd : .   J - +0 pair of gauntlets
Res.Mut.  : .       Stasis     : .   (boots unavailable)
Res.Rott. : .       Flight     : .   (no amulet)
Saprovore : . . .                    w - +4 ring of intelligence
                                     r - ring of regeneration

@: quite resistant to hostile enchantments, fairly stealthy
A: able to fly, beak, talons 3, breathe flames 1, evolution 1, Dex -1
a: Fly, Renounce Religion, Breathe Fire


You were on level 11 of the Dungeon.
You worshipped Vehumet.
Vehumet was extremely pleased with you.
You were not hungry.

You visited 2 branches of the dungeon, and saw 12 of its levels.

You collected 563 gold pieces.

Inventory:

Hand weapons
 e - a +4,+1 elven whip of electrocution
Armour
 A - a +1 dwarven buckler (worn)
 J - a +0 pair of gauntlets (worn)
 O - a +2 robe of magic resistance (worn)
 S - a +0 elven cloak (worn)
Magical devices
 o - a wand of fireball (3)
 u - a wand of fire (7)
 y - a wand of confusion (11)
 C - a wand of draining (6)
 F - a wand of digging (9)
 K - a wand of random effects (16)
 N - a wand of paralysis (10)
Comestibles
 a - a lychee
 c - 6 bread rations
 s - a meat ration
 G - 2 pears
 Q - an apple
Scrolls
 d - 6 scrolls of remove curse
 f - a scroll of magic mapping
 q - 2 scrolls of teleportation
 x - a scroll of amnesia
 L - 2 scrolls of blinking
 R - a scroll of identify
Jewellery
 h - an uncursed ring of ice
 m - a +2 ring of intelligence
 r - a ring of regeneration (left hand)
 w - a +4 ring of intelligence (right hand)
 H - a +3 ring of strength
 M - an uncursed ring of protection from fire
Potions
 g - 3 potions of heal wounds
 n - 2 potions of agility
 z - 9 potions of curing
 D - 2 potions of paralysis
Books
 b - a book of Flames

   Spells                             Type                      Level
   *Flame Tongue                      Conjuration/Fire             1
   *Throw Flame                       Conjuration/Fire             2
   *Conjure Flame                     Conjuration/Fire             3
   Inner Flame                        Hexes/Fire                   3
   *Sticky Flame                      Conjuration/Fire             4
   *Fireball                          Conjuration/Fire             5
 i - a book of Death

   Spells                             Type                      Level
   Corpse Rot                         Necromancy                   2
   Sublimation of Blood               Necromancy                   2
   Agony                              Necromancy                   5
   Dispel Undead                      Necromancy                   5
   Excruciating Wounds                Charms/Necromancy            5
   Bolt of Draining                   Conjuration/Necromancy       6
 E - a book of Maledictions

   Spells                             Type                      Level
   Corona                             Hexes                        1
   Sure Blade                         Hexes/Charms                 2
   Ensorcelled Hibernation            Hexes/Ice                    2
   Confuse                            Hexes                        3
   Enslavement                        Hexes                        4
   Invisibility                       Hexes                        6
Magical staves
 k - an uncursed staff of power (weapon)


   Skills:
 - Level 2.2 Dodging
 - Level 2.0 Stealth
 - Level 7.1 Shields
 + Level 8.2 Spellcasting
 + Level 12.3 Conjurations
 + Level 11.4 Fire Magic


You had 11 spell levels left.
You knew the following spells:

 Your Spells              Type           Power        Failure   Level  Hunger
a - Flame Tongue          Conj/Fire      #####        1%          1    None
b - Throw Flame           Conj/Fire      ######       1%          2    None
c - Conjure Flame         Conj/Fire      ######..     1%          3    None
d - Sticky Flame          Conj/Fire      ######..     1%          4    ##.....
e - Fireball              Conj/Fire      ######....   1%          5    ####...


Dungeon Overview and Level Annotations

Branches:
Dungeon (11/27)            Temple (1/1) D:6             Orc (0/4) D:7
   Lair: D:8-13

Altars:
Ashenzari
Cheibriados
Elyvilon
Fedhas
Kikubaaqudgha
Makhleb
Nemelex Xobeh
Okawaru
Sif Muna
Trog
Vehumet
Xom
Yredelemnul
Zin
the Shining One
Beogh

Annotations
D:4 Menkaure
D:5 Prince Ribbit


Innate Abilities, Weirdness & Mutations

You can fly.
You have a beak for a mouth.
You have claws for feet.
You can breathe flames.
You are clumsy (Dex -1).
You evolve.


Message History

You offer a prayer to Vehumet.
Vehumet is extremely pleased with you.
A troll skeleton is nearby!
Casting: Flame Tongue
Confirm with . or Enter, or press ? or * to list all spells.
Aiming: Flame Tongue
Press: ? - help, Shift-Dir - straight line, f - troll skeleton
Aim: a troll skeleton The flame hits the troll skeleton.
The troll skeleton misses you. You block the troll skeleton's attack.
The troll skeleton claws you!
* * * LOW HITPOINT WARNING * * *
Casting: Flame Tongue
Confirm with . or Enter, or press ? or * to list all spells.
Aiming: Flame Tongue
Press: ? - help, Shift-Dir - straight line, f/p - troll skeleton
Aim: a troll skeleton The flame hits the troll skeleton.
The troll skeleton bites you.
* * * LOW HITPOINT WARNING * * *
The troll skeleton misses you. The troll skeleton claws you!
You die...

***,* ****,* *,,,*
*,,,,* *.*** *,****
##'## *,* ....#
###+#### ....#
*###*#.....<#
....#*#...,+......#
....##..#**#....Z.#
....#..#* #....@.#
....'.#* #......#
g...#** #......#
##'## ###'#### #..#
#.## #'### #..##
....# ##..# ....#
####.## ....######
#.....#


You could see a troll skeleton.

Vanquished Creatures
  A hydra (D:11)
  3 hill giants
  An oklob plant (D:7)
  Psyche (D:9)
  A two-headed ogre (D:10)
  The ghost of Duskembrace the Cutter, an average KoBe of Trog (D:4)
  A shadow (D:10)
  7 yaks
  A hill giant zombie (D:10)
  Eustachio (D:6)
  A hippogriff (D:9)
  A hungry ghost (D:9)
  A steam dragon (D:9)
  2 sky beasts (D:11)
  6 phantoms
  10 orc warriors
  3 ice beasts
  3 ogres
  A yellow wasp (D:7)
  2 centaurs (D:7)
  5 giant frogs
  A big kobold (D:11)
  A yaktaur skeleton (D:9)
  12 wights
  8 crimson imps
  12 orc priests
  Crazy Yiuf (D:5)
  A giant frog skeleton (D:11)
  7 hounds
  7 worker ants
  10 orc wizards
  3 scorpions
  An ogre zombie (D:5)
  A mottled dragon zombie (D:11)
  10 jellies
  14 gnolls
  15 adders
  3 worms
  An adder skeleton (D:5)
  3 giant eyeballs
  7 giant geckos
  14 oozes (D:7)
  55 orcs
  A ball python (D:7)
  11 bats
  A bat skeleton (D:5)
  9 giant cockroaches
  13 goblins
  14 hobgoblins
  5 jackals
  5 quokkas
  A giant gecko zombie (D:8)
  4 giant newts
  2 hobgoblin skeletons
  2 hobgoblin zombies (D:6)
  13 kobolds
  A kobold skeleton (D:4)
  An orc skeleton (D:9)
  11 rats
  5 ballistomycetes
  A fungus (D:7)
340 creatures vanquished.

Vanquished Creatures (others)
  Sigmund (D:6)
  An orc (D:6)
  2 giant spores
  3 fungi (D:7)
7 creatures vanquished.

Grand Total: 347 creatures vanquished

Notes
Turn   | Place    | Note
--------------------------------------------------------------
     0 | D:1      | Kae, the Tengu Fire Elementalist, began the quest for the Orb.
     0 | D:1      | Reached XP level 1. HP: 10/10 MP: 3/3
   385 | D:1      | Reached XP level 2. HP: 13/15 MP: 5/5
   679 | D:1      | Reached XP level 3. HP: 12/19 MP: 4/7
  1309 | D:2      | Found a burning altar of Makhleb.
  1317 | D:2      | Reached XP level 4. HP: 22/24 MP: 2/8
  1626 | D:2      | Reached skill level 4 in Conjurations
  1971 | D:3      | Learned a level 2 spell: Throw Flame
  1975 | D:3      | Learned a level 3 spell: Conjure Flame
  2155 | D:3      | Found a deep blue altar of Sif Muna.
  2198 | D:3      | Reached XP level 5. HP: 4/28 MP: 1/11
  2843 | D:3      | Reached skill level 5 in Fire Magic
  2879 | D:4      | Reached XP level 6. HP: 22/32 MP: 4/13
  2984 | D:4      | Noticed a phantom
  3045 | D:4      | Killed a phantom
  3045 | D:4      | Reached skill level 5 in Conjurations
  3202 | D:4      | Noticed Duskembrace's ghost (average KoBe)
  3294 | D:3      | Learned a level 4 spell: Sticky Flame
  3588 | D:4      | Found a basalt altar of Yredelemnul.
  3632 | D:4      | Noticed Menkaure
  3684 | D:4      | Killed Duskembrace's ghost
  3684 | D:4      | Reached skill level 6 in Fire Magic
  3684 | D:4      | Reached XP level 7. HP: 36/36 MP: 2/16
  3963 | D:5      | Entered Level 5 of the Dungeon
  4199 | D:5      | Noticed Prince Ribbit
  4429 | D:5      | Reached skill level 7 in Fire Magic
  4661 | D:5      | Noticed Crazy Yiuf
  4666 | D:5      | Killed Crazy Yiuf
  4745 | D:5      | Reached XP level 8. HP: 39/41 MP: 16/19
  4858 | D:5      | Reached skill level 1 in Shields
  4988 | D:6      | Noticed Eustachio
  4994 | D:6      | Killed Eustachio
  5190 | D:6      | Found a blossoming altar of Fedhas.
  5243 | D:6      | Found a staircase to the Ecumenical Temple.
  5360 | Temple   | Entered the Ecumenical Temple
  5409 | Temple   | Became a worshipper of Vehumet
  5427 | D:6      | Learned a level 5 spell: Fireball
  5748 | D:6      | Noticed Sigmund
  5760 | D:6      | Killed Sigmund
  6492 | D:7      | Found a bloodstained altar of Trog.
  6523 | D:7      | Reached skill level 8 in Fire Magic
  6549 | D:7      | Reached XP level 9. HP: 31/45 MP: 13/21
  7011 | D:7      | Noticed an oklob plant
  7037 | D:7      | Acquired Vehumet's first power
  7037 | D:7      | Offered knowledge of Sting by Vehumet.
  7044 | D:7      | Reached skill level 5 in Spellcasting
  7418 | D:7      | Paralysed by you for 3 turns
  7556 | D:7      | Killed an oklob plant
  7556 | D:7      | Reached skill level 5 in Shields
  8302 | D:7      | Found a roughly hewn altar of Beogh.
  8302 | D:7      | Found a staircase to the Orcish Mines.
  8383 | D:7      | Reached skill level 9 in Conjurations
  8459 | D:7      | Reached XP level 10. HP: 24/50 MP: 2/24
  8842 | D:7      | Offered knowledge of Magic Dart by Vehumet.
  9359 | D:7      | Paralysed by a giant eyeball for 3 turns
  9941 | D:8      | Offered knowledge of Dazzling Spray by Vehumet.
 10090 | D:7      | Got a pair of faintly humming gloves
 10094 | D:7      | Identified the cursed -5 pair of gloves of Patience {Str+4} (You found it on level 7 of the Dungeon)
 10421 | D:8      | Acquired Vehumet's second power
 10421 | D:8      | Reached skill level 10 in Conjurations
 11289 | D:9      | Reached skill level 10 in Fire Magic
 11317 | D:9      | Noticed Psyche
 11327 | D:9      | Killed Psyche
 11592 | D:9      | Offered knowledge of Olgreb's Toxic Radiance by Vehumet.
 11680 | D:9      | Reached skill level 11 in Conjurations
 11859 | D:10     | Entered Level 10 of the Dungeon
 11859 | D:10     | Noticed a hill giant
 11861 | D:10     | Reached XP level 11. HP: 35/54 MP: 21/27
 11862 | D:10     | Killed a hill giant
 12345 | D:10     | Acquired Vehumet's third power
 12594 | D:10     | Offered knowledge of Iskenderun's Battlesphere by Vehumet.
 12855 | D:11     | Paralysed by a giant eyeball for 3 turns
 12880 | D:11     | Noticed a hill giant
 12970 | D:11     | Killed a hill giant
 13334 | D:11     | Noticed a five-headed hydra
 13349 | D:11     | Killed a five-headed hydra
 13349 | D:11     | Reached skill level 12 in Conjurations
 13442 | D:11     | Gained mutation: You heal slowly. [potion of mutation]
 13442 | D:11     | Gained mutation: You are clumsy (Dex -1). [potion of mutation]
 13443 | D:11     | Gained mutation: You evolve. [potion of mutation]
 13443 | D:11     | Gained mutation: You can breathe flames. [potion of mutation]
 13443 | D:11     | Lost mutation: You heal slowly. [potion of mutation]
 13444 | D:11     | Identified a scroll of acquirement
 13696 | D:11     | Noticed a hill giant
 13737 | D:11     | Killed a hill giant
 13825 | D:11     | Slain by a troll skeleton

Action                   |  1- 3 |  4- 6 |  7- 9 | 10-12 || total
-------------------------+-------+-------+-------+-------++-------
Melee: Unarmed           |     5 |       |       |       ||     5
       Whip              |     3 |    24 |    37 |   116 ||   180
       Staff             |       |       |       |    17 ||    17
 Cast: Flame Tongue      |    42 |   103 |   258 |   306 ||   709
       Conjure Flame     |       |     1 |    15 |    13 ||    29
       Throw Flame       |       |       |    46 |    74 ||   120
       Fireball          |       |       |     6 |     8 ||    14
       Sticky Flame      |       |       |     4 |    11 ||    15
 Abil: Fly               |       |       |     4 |     2 ||     6
Evoke: Wand              |       |       |     8 |     4 ||    12
  Use: Potion            |       |     1 |       |     9 ||    10
       Scroll            |       |       |       |    25 ||    25
 Stab: Sleeping          |       |     1 |     1 |     2 ||     4
       Paralysed         |       |       |       |     3 ||     3
